 Dungeon Crawl Stone Soup version 0.20-b1-2-gc5a9893 (webtiles) character file.

10 Gorglomux the Chiller (level 2, 0/15 HPs)
             Began as a Deep Elf Ice Elementalist on May 21, 2017.
             Slain by a jackal (2 damage)
             ... on level 1 of the Dungeon.
             The game lasted 00:00:35 (98 turns).

Gorglomux the Chiller (Deep Elf Ice Elementalist)     Turns: 98, Time: 00:00:36

Health: 0/15       AC:  2    Str:  5    XL:     2   Next: 10%
Magic:  1/8        EV: 13    Int: 19    God:
Gold:   0          SH:  0    Dex: 15    Spells: 7/8 levels left

rFire    . . .     SeeInvis .   d - +0 mace
rCold    . . .     Gourm    .   (no shield)
rNeg     . . .     Faith    .   a - +0 robe
rPois    .         Spirit   .   (no helmet)
rElec    .         Reflect  .   (no cloak)
rCorr    .         Harm     .   (no gloves)
MR       .....                  (no boots)
Stlth    ++........             (no amulet)
Regen    0.1/turn               (no ring)
MPRegen  0.2/turn               (no ring)

@: no status effects
A: no striking features
a: no special abilities


You were on level 1 of the Dungeon.
You were not hungry.

You visited 1 branch of the dungeon, and saw 1 of its levels.

Inventory:

Hand Weapons
 d - a +0 mace (weapon)
   (You found it on level 1 of the Dungeon)
Armour
 a - a +0 robe (worn)
Scrolls
 f - a scroll of random uselessness {unknown}
Potions
 e - a potion of cancellation {unknown}
Books
 b - a book of Frost
Comestibles
 c - a bread ration {@e1}


   Skills:
 - Level 2.4 Dodging
 - Level 2.4 Stealth
 + Level 3.5 Spellcasting
   Level 1.1 Conjurations
 * Level 3.6 Ice Magic


You had 7 spell levels left.
You knew the following spells:

 Your Spells              Type           Power        Failure   Level  Hunger
a - Freeze                Ice            ###.         3%          1    None


Dungeon Overview and Level Annotations

Branches:
Dungeon (1/15)

Altars:


Message History

Warning: Cannot find file "HDamage.rc". (~/.crawlrc:9698) Warning: Cannot find file "HDAForceMore.rc". (~/.crawlrc:9701) Warning: Cannot find file "HDAColors.rc". (~/.crawlrc:9704) Warning: Cannot find file "HDAtravel.rc". (~/.crawlrc:9707) Welcome, Gorglomux the Deep Elf Ice Elementalist.
The bosom of this dungeon contains the fabled artefact, the Orb of Zot.
Found a scroll labeled WAFRAEPLIARU, a mace and 27 arrows.
Found a staircase leading out of the dungeon.
A frilled lizard and a kobold come into view.
The frilled lizard hisses angrily.
There are monsters nearby!
There are monsters nearby!
A giant cockroach comes into view.
Aim: a frilled lizard You freeze the frilled lizard.
You kill the frilled lizard!
You see here a mace.
d - a mace The giant cockroach barely misses you.
The giant cockroach bites you.
Unknown command.
Aim: a giant cockroach You freeze the giant cockroach.
You kill the giant cockroach!
Aim: a kobold, wielding a short sword You freeze the kobold.
You kill the kobold!
You can't see any susceptible monsters within range! (Use Z to cast anyway.) Unknown command.
Wield which item (- for none, * to show all)? (? for menu, Esc to quit)
d - a +0 mace (weapon)
You start resting.
Things that are here:
a short sword; a frilled lizard corpse
e - an emerald potion
f - a scroll labeled WAFRAEPLIARU
Found a stone staircase leading down.
A goblin comes into view. It is wielding a club.
You hit the goblin.
You kill the goblin!
You can't see any susceptible monsters within range! (Use Z to cast anyway.) Unknown command.
There isn't anything here!
A goblin comes into view.
Things that are here:
a club; a goblin corpse You butcher the goblin corpse.
Things that are here:
a club; a chunk of flesh {@w0}; a goblin skeleton A goblin is nearby! 2 jackals come into view.
The jackal barks!
A jackal comes into view. x2
The goblin shouts!
The jackal barks! x2
The goblin hits you but does no damage.
Aim: a goblin You freeze the goblin.
The goblin hits you.
Aim: a goblin (moderately wounded)
You miscast Freeze.
You are very lightly contaminated with residual magic.
Frost spreads across the the floor.
The goblin misses you.
Aim: a goblin (moderately wounded)
You freeze the goblin. The goblin hits you.
Unknown command.
Aim: a goblin (severely wounded)
You freeze the goblin.
You kill the goblin!
The jackal barks!
The jackal bites you. The jackal closely misses you.
Aim: a jackal You freeze the jackal.
The jackal closely misses you.
Aim: a jackal (heavily wounded)
You freeze the jackal.
You kill the jackal!
Aim: a jackal You freeze the jackal.
The jackal bites you but does no damage.
The jackal barely misses you.
Unknown command.
Aim: a jackal (severely wounded)
You freeze the jackal.
You kill the jackal!
You have reached level 2!
The jackal bites you.
Your magical contamination has completely faded away.
The jackal closely misses you.
You hit the jackal. The jackal barely misses you.
You hit the jackal. The jackal misses you. The jackal bites you.
You barely miss the jackal. The jackal closely misses you. x2
You hit the jackal.
You kill the jackal!
The jackal closely misses you.
You hit the jackal. The jackal bites you.
* * * LOW HITPOINT WARNING * * *
The jackal bites you.
You die...

#...... ... ##.....
#.# #...<.
#.####..## #.....
.....#...###......
##.##.#............
...............###
#.##.#........# #
#@##.#........#
#h##.#........## #
#..†...........###
#######...........
##.#.!#.#...
#.#........
#...h..)...
#..#.......
##.##.......


You could see a jackal.

Vanquished Creatures
  A giant cockroach (D:1)
  2 goblins (D:1)
  3 jackals (D:1)
  A kobold (D:1)
  A frilled lizard (D:1)
8 creatures vanquished.

Notes
Turn   | Place    | Note
-------+----------+-------------------------------------------
     0 | D:1      | Gorglomux the Deep Elf Ice Elementalist began the quest for the Orb.
     0 | D:1      | Reached XP level 1. HP: 10/10 MP: 6/6
    91 | D:1      | Reached XP level 2. HP: 7/15 MP: 0/8
    98 | D:1      | HP: 2/15 [jackal (3)]
    98 | D:1      | Slain by a jackal

Action                   || total
-------------------------++-------
Melee: Mace              ||     6
 Cast: Freeze            ||    10
Armor: Robe              ||     2
Dodge: Dodged            ||    11

Vault maps used:
D:1:      minmay_arrival_four_circles

Table legend:
 A = Turns spent in this place as a percentage of turns spent in the entire game.
 B = Non-inter-level travel turns spent in this place as a percentage of non-inter-level travel turns spent in the entire game.
 C = Inter-level travel turns spent in this place as a percentage of turns spent in this place.
 D = Turns resting spent in this place as a percentage of non-inter-level travel turns spent in this place.
 E = Turns spent auto-exploring this place as a percentage of non-inter-level travel turns spent in this place.
 F = Non-inter-level travel turns spent in this place divided by the number of levels of this place that you've seen.
                   A       B       C       D       E      F
               +-------+-------+-------+-------+-------+----------------------
         Total | 100.0 | 100.0 |   0.0 |   3.1 |   9.2 |  65.0
       Dungeon | 100.0 | 100.0 |   0.0 |   3.1 |   9.2 |  65.0
               +-------+-------+-------+-------+-------+----------------------

Table legend:
 A = Kills in this place as a percentage of kills in entire the game.
 B = Kills by you in this place as a percentage of kills by you in the entire game.
 C = Kills by friends in this place as a percentage of kills by friends in the entire game.
 D = Other kills in this place as a percentage of other kills in the entire game.
 E = Experience gained in this place as a percentage of experience gained in the entire game.
 F = Experience gained in this place divided by the number of levels of this place that you have seen.
                   A       B       C       D       E      F
               +-------+-------+-------+-------+-------+----------------------
         Total | 100.0 | 100.0 |  -nan |  -nan | 100.0 |  15.0
       Dungeon | 100.0 | 100.0 |  -nan |  -nan | 100.0 |  15.0
               +-------+-------+-------+-------+-------+----------------------
